Cogmind - Beta 15 @@@ ROGUE MODE // 2025.10.01 @ 15:09:21 Player: MrSpreadsheet Result: Destroyed by G-47 Trooper with Particle Gun Performance ------------- Evolutions (2) 1000 Regions Visited (3) 600 Robots Destroyed (38) 190 Value Destroyed (1080) 1080 Prototype IDs (2) 40 Alien Tech Used (0) 0 Bonus (0) 0 TOTAL SCORE: 2910 Bonus ------- None Cogmind --------- Core Integrity 0/550 Matter 200/300 Energy 80/100 System Corruption 0% Temperature Cool (27) Movement Core (200) Ox3 Location -8/Materials Parts ------- > --- POWER (2) -------- (None) > --- PROPULSION (2) --- (None) > --- UTILITY (4) ------ Medium Storage Unit Advanced Visual Processing Unit > --- WEAPON (3) ------- (None) > --- INVENTORY (10) --- High-capacity Matter Pod (200) Advanced Visual Processing Unit Sensor Array ECM Suite Improved EM Shotgun Peak State ------------ > --- POWER ------------ Ion Engine Improved Ion Engine > --- PROPULSION ------- Improved Aluminum Leg Improved Aluminum Leg > --- UTILITY ---------- Medium Storage Unit Compact Battery Advanced Visual Processing Unit Shield Generator > --- WEAPON ----------- Heavy EM Pulse Gun Improved EM Shotgun Heavy Assault Rifle > --- INVENTORY -------- Improved Aluminum Leg High-capacity Matter Pod Advanced Visual Processing Unit Sensor Array ECM Suite Shield Generator Small Laser Particle Cannon Grenade Launcher [Rating: 24] Favorites ----------- Power Ion Engine Engine Ion Engine Propulsion Improved Aluminum Leg Leg Improved Aluminum Leg Wheel Wheel Utility Medium Storage Unit Device Shield Generator Storage Medium Storage Unit Processor Terrain Scan Processor Protection Light Armor Plating Weapon Particle Cannon Energy Gun Improved EM Shotgun Energy Cannon Particle Cannon Ballistic Gun Assault Rifle Launcher Grenade Launcher Build | -11 -10 -9 -8 ------- Run | Yrd Mat Mat Mat Slots Evolved 4 | . . 2 2 Power 1 | . . . 1 Propulsion . | . . . . Utility 2 | . . 2 . Weapon 1 | . . . 1 Parts Attached 35 | 8 12 8 7 Power 4 | 2 1 . 1 Engine 4 | 2 1 . 1 Core . | . . . . Reactor . | . . . . Propulsion 8 | 4 2 1 1 Treads . | . . . . Leg 6 | 2 2 1 1 Wheel 2 | 2 . . . Hover . | . . . . Flight . | . . . . Utility 13 | . 6 4 3 Device 5 | . . 4 1 Storage 3 | . 2 . 1 Processor 4 | . 3 . 1 Hackware . | . . . . Protection 1 | . 1 . . Artifact . | . . . . Weapon 10 | 2 3 3 2 Energy Gun 5 | 1 . 3 1 Energy Cannon 2 | . 2 . . Ballistic Gun 2 | 1 . . 1 Ballistic Cannon . | . . . . Launcher 1 | . 1 . . Special Weapon . | . . . . Impact Weapon . | . . . . Slashing Weapon . | . . . . Piercing Weapon . | . . . . Special Melee Weapon . | . . . . Unidentified Prototypes . | . . . . Parts Lost 17 | . 1 3 13 Power 3 | . 1 . 2 Propulsion 4 | . . 1 3 Utility 5 | . . 2 3 Weapon 5 | . . . 5 Highest Loss Streak 13 | . 1 1 13 To Critical Strikes . | . . . . Average Backups 6 | 1 5 8 8 Power . | . . . . Propulsion 1 | 1 2 1 . Utility 3 | . 1 4 4 Weapon 2 | . 2 2 2 Tool/Special . | . . . . Unused Backups 6 | . 3 . 3 Power . | . . . . Propulsion 3 | . 3 . . Utility 3 | . . . 3 Weapon . | . . . . Tool/Special . | . . . . Average Slot Usage (%) 95 | . 97 97 84 Engine 11 | . 13 11 10 Leg 23 | . 28 22 15 Device 11 | . . 20 8 Storage 10 | . 7 11 17 Processor 6 | . 13 . 8 Protection 6 | . 4 10 . Energy Gun 7 | . . 9 14 Energy Cannon 10 | . 12 10 1 Ballistic Gun 6 | . 14 1 7 Peak Build Rating 24 | 5 12 18 24 Average Rating 13 | 3 10 15 20 On Entrance 7 | . 5 11 15 Naked Turns . | . . . . Heaviest Build 34 | 9 24 28 34 Greatest Support 35 | 20 26 35 26 Greatest Overweight (x) 2 | . . 1 2 Average Overweight (x) . | . . . 1 Largest Inventory Capacity 10 | 5 10 10 10 Average Capacity 8 | 5 6 10 10 Most Carried 10 | 4 9 10 9 Average Carried 6 | 1 5 8 8 Final Capacity 10 | 5 10 10 10 Final Carried 9 | 4 9 8 5 Class Distribution -------------------- 91% | Mutant 8% | Tank Dominant Class ---------------- Mutant | -10/Materials Mutant | -9/Materials Tank | -8/Materials Resources | -11 -10 -9 -8 ----------- Run | Yrd Mat Mat Mat Matter Collected 931 | 267 391 258 15 Remotely . | . . . . Salvage Created 1169 | 43 478 407 241 Parts 70 | 2 37 22 9 Haulers Intercepted . | . . . . Recyclers Shooed . | . . . . Parts Field Recycled . | . . . . Retrieved Matter . | . . . . Parts Self-Destructed . | . . . . Prevented . | . . . . Kills | -11 -10 -9 -8 ------- Run | Yrd Mat Mat Mat Combat Hostiles Destroyed 31 | 1 14 11 5 Guns 5 | 1 1 2 1 Cannons 13 | . 10 3 . AOE 13 | . 3 6 4 Classes Destroyed 5 | 1 3 1 . Worker 5 | . 1 2 2 Watcher 2 | . 2 . . Swarmer 9 | . 6 3 . Grunt 18 | 1 8 6 3 Sentry 4 | . . 2 2 Best Kill Streak 7 | 1 5 3 7 Combat Bots Only 5 | 1 5 3 5 Max Kills in Single Turn 3 | 1 3 3 3 Gunslinging . | . . . . Exploded 3 | . 3 3 3 Melee . | . . . . Uniques/NPCs Destroyed . | . . . . Combat | -11 -10 -9 -8 -------- Run | Yrd Mat Mat Mat Hostile Shots Fired 277 | 5 62 82 128 Missed 91 | 2 18 33 38 Hits 186 | 3 44 49 90 Projectile 186 | 3 44 49 90 Critical Strikes 6 | . 1 2 3 Damage Taken 2496 | 32 540 430 1494 Core 860 | . 197 101 562 Absorbed by Shields 381 | . . 165 216 Core Remaining (%) 65 | 100 21 74 . Volleys Fired 81 | 3 39 29 10 Largest 3 | 2 2 2 3 Hottest 113 | 60 88 113 113 Shots Fired 168 | 6 78 54 30 Gun 95 | 6 39 23 27 Cannon 65 | . 38 27 . Launcher 8 | . 1 4 3 Special . | . . . . Kinetic 61 | 3 39 9 10 Thermal 65 | . 38 27 . Explosive 8 | . 1 4 3 Electromagnetic 34 | 3 . 14 17 Robot Hit Streak 13 | 2 4 13 8 Robot Miss Streak 4 | 3 4 4 3 Penetration Max . | . . . . Secondary Targets . | . . . . Shots Hit Robots 94 | 2 37 36 19 Core Hits 57 | 2 21 18 16 Critical Kills 1 | . . 1 . Critical Parts Destroyed . | . . . . Critical Strikes 1 | . . 1 . Destroy 1 | . . 1 . Melee Attacks . | . . . . Impact . | . . . . Slashing . | . . . . Piercing . | . . . . Sneak Attacks . | . . . . Combat Hostiles . | . . . . Follow-up Attacks . | . . . . Damage Inflicted 2450 | 25 879 968 578 Guns 877 | 25 258 315 279 Cannons 636 | . 432 204 . Explosions 937 | . 189 449 299 Melee . | . . . . Ramming . | . . . . Kinetic 478 | 12 258 101 107 Thermal 835 | . 432 403 . Explosive 738 | . 189 250 299 Electromagnetic 399 | 13 . 214 172 Impact . | . . . . Slashing . | . . . . Piercing . | . . . . Highest Corruption 3 | . 3 . . Average Corruption 2 | . 2 . . Corruption Purged . | . . . . Corruption Blocked . | . . . . Effects 2 | . 2 . . Matter Fused 1 | . 1 . . Data Loss (minor) 1 | . 1 . . Overload Shots . | . . . . Overflow Damage 28 | . . 28 . Projectiles . | . . . . Explosions 28 | . . 28 . Melee . | . . . . Knockbacks . | . . . . Impact . | . . . . Kinetic . | . . . . Secondary . | . . . . Self-Inflicted Damage 48 | . 29 . 19 Shots 2 | . 1 . 1 Rammed . | . . . . Targets Rammed . | . . . . Kicked . | . . . . Crushed . | . . . . Highest Temperature 353 | 6 321 353 347 Average Temperature 114 | 6 110 104 157 Received Heat Transfer 1035 | 18 252 177 588 Effects 3 | . . 1 2 Shutdowns 2 | . . 1 1 Short Circuit 1 | . . . 1 Siege Activations . | . . . . Martial Activations . | . . . . Shielding Activations . | . . . . Robots Disrupted . | . . . . Combat Hostiles . | . . . . Robots Corrupted . | . . . . Combat Hostiles . | . . . . Parts Fried 4 | . . 2 2 Impact Corruptions . | . . . . Robots Melted . | . . . . Combat Hostiles . | . . . . Parts Melted 2 | . 2 . . Heat Transferred 1397 | . 777 620 . Parts Sabotaged . | . . . . Parts Stolen . | . . . . Parts Stripped . | . . . . Power Chain Reactions 3 | . . 3 . Alert | -11 -10 -9 -8 ------- Run | Yrd Mat Mat Mat Maximum Alert Level 1 | . 1 . . Low Security (%) 97 | 100 91 100 100 Level 1 2 | . 8 . . Level 2 . | . . . . Level 3 . | . . . . Level 4 . | . . . . Level 5 . | . . . . High Security . | . . . . Max Security . | . . . . Peak Influence 229 | 20 229 163 164 Initial 45 | . 6 45 24 Average 66 | 3 72 77 43 Influence Increases 1124 | 20 485 429 190 Destroy 0b10 Robot/C 620 | 20 280 220 100 Destroy 0b10 Robot/NC 35 | . 15 10 10 Destroy Leader 154 | . 64 60 30 Successful Hack 80 | . 30 44 6 Disable Machine 120 | . 60 60 . Destroy Structure 55 | . 6 35 14 Lose Combat Pursuer 60 | . 30 . 30 Influence Decreases 1120 | 10 387 479 244 Entered New Map 101 | . 4 63 34 Time Decay 699 | 10 223 386 80 Lost Part 170 | . 10 30 130 Purge Threat 150 | . 150 . . Squads Dispatched 6 | . 3 3 . Investigation 2 | . 1 1 . Extermination . | . . . . Reinforcement 4 | . 2 2 . Assault . | . . . . Garrison . | . . . . Intercept . | . . . . Searches Triggered . | . . . . Construction Impeded . | . . . . Haulers Reinforced . | . . . . Active Scanning Responses . | . . . . Cargo Convoy Interrupts . | . . . . Stealth | -11 -10 -9 -8 --------- Run | Yrd Mat Mat Mat Distress Signals 2 | . . 1 1 Communications Jammed . | . . . . Distress Signals . | . . . . Times Spotted 61 | 1 26 19 15 Peak Tracking Total 9 | 1 5 4 9 Tactical Retreats 2 | . 1 . 1 Traps | -11 -10 -9 -8 ------- Run | Yrd Mat Mat Mat Traps Triggered 2 | . 2 . . Indirectly . | . . . . Trap Hack Attempts . | . . . . Triggered . | . . . . Disarmed . | . . . . Reprogrammed . | . . . . Reused . | . . . . Traps Extracted . | . . . . Installed . | . . . . Triggered . | . . . . Machines | -11 -10 -9 -8 ---------- Run | Yrd Mat Mat Mat Machines Disabled 8 | . 4 4 . Max in Single Turn 1 | . 1 1 . Machines Repaired . | . . . . Machines Dismantled . | . . . . Machines Sabotaged . | . . . . Overloaded Fab Kills . | . . . . Hacking | -11 -10 -9 -8 --------- Run | Yrd Mat Mat Mat Machines Accessed 14 | . 5 8 1 Terminals 12 | . 5 6 1 Fabricators . | . . . . Repair Stations . | . . . . Recycling Units 1 | . . 1 . Scanalyzers 1 | . . 1 . Garrison Access . | . . . . Total Hacks 45 | . 13 23 9 Successful 34 | . 9 17 8 Failed 11 | . 4 6 1 Catastrophic . | . . . . Database Lockouts . | . . . . Manual . | . . . . Terminals 36 | . 13 14 9 Fabricators . | . . . . Repair Stations . | . . . . Recycling Units 6 | . . 6 . Scanalyzers 3 | . . 3 . Garrison Access . | . . . . Terminal Hacks 27 | . 9 10 8 Record 15 | . 4 5 6 Prototype ID Bank 1 | . 1 . . Level Access Points 1 | . . 1 . Alert Level 1 | . 1 . . Unreport Threat 1 | . 1 . . Dispatch Records 2 | . 1 . 1 Maintenance Status 1 | . . 1 . Recall Investigation 1 | . . 1 . Hauler Manifests 2 | . . 1 1 Zone Layout 2 | . 1 1 . Fabricator Hacks . | . . . . Repair Station Hacks . | . . . . Recycling Unit Hacks 4 | . . 4 . Recycle Component 1 | . . 1 . Process 1 | . . 1 . Report Inventory 1 | . . 1 . Retrieve Matter 1 | . . 1 . Scanalyzer 3 | . . 3 . Insert Component 2 | . . 2 . Analyze 1 | . . 1 . Garrison Access Hacks . | . . . . Unauthorized Hacks . | . . . . Terminals . | . . . . Fabricators . | . . . . Repair Stations . | . . . . Recycling Units . | . . . . Scanalyzers . | . . . . Garrison Access . | . . . . Data Cores Recovered . | . . . . Used . | . . . . Hacking Detections 11 | . 4 6 1 Full Trace Events 3 | . 1 2 . Feedback Events . | . . . . Feedback Blocked . | . . . . Robot Schematics Acquired . | . . . . Robots Built . | . . . . Authchips . | . . . . Time . | . . . . Total Robot Build Rating . | . . . . Part Schematics Acquired 1 | . . 1 . Parts Built . | . . . . Authchips . | . . . . Time . | . . . . Total Part Build Rating . | . . . . Parts Repaired . | . . . . Time . | . . . . Parts Recycled 1 | . . 1 . Recycled Matter 10 | . . 10 . Retrieved Matter 10 | . . 10 . Retrieved Components . | . . . . Parts Scanalyzed 1 | . . 1 . Part Schematics Acquired 1 | . . 1 . Parts Damaged 1 | . . 1 . Bothacking | -11 -10 -9 -8 ------------ Run | Yrd Mat Mat Mat Used RIF Installer . | . . . . Robots Hacked . | . . . . Non-combat . | . . . . Combat . | . . . . Robot Hacks Applied . | . . . . Relay Couplers Released . | . . . . Fabnet Peak Effective % . | . . . . Robots Rewired . | . . . . Allies Hacked . | . . . . Hacks Repelled . | . . . . Allies | -11 -10 -9 -8 -------- Run | Yrd Mat Mat Mat Total Allies . | . . . . Largest Group . | . . . . Highest-Rated Group . | . . . . Highest-Rated Ally . | . . . . Total Orders . | . . . . Ally Attacks . | . . . . Total Damage . | . . . . Kills . | . . . . Allies Corrupted . | . . . . Allies Melted . | . . . . Intel | -11 -10 -9 -8 ------- Run | Yrd Mat Mat Mat Active Infowar (turns) 932 | . 85 625 222 Optics 292 | . 85 . 207 Sensors 640 | . . 625 15 Robot Analysis Total . | . . . . Derelict Logs Recovered . | . . . . Drone Launches . | . . . . Drone Recoveries . | . . . . Exploration | -11 -10 -9 -8 ------------- Run | Yrd Mat Mat Mat Turns Passed 1940 | 139 677 902 222 Spaces Moved 1110 | 134 428 474 74 Core 63 | 63 . . . Treads . | . . . . Legs 1044 | 68 428 474 74 Wheels 3 | 3 . . . Hover . | . . . . Flight . | . . . . Fastest Speed 50 | 50 120 120 120 Average Speed 139 | 86 120 164 190 Slowest Speed 260 | 120 120 190 260 Overloaded Moves . | . . . . Propulsion Burnouts . | . . . . Robots Hopped . | . . . . Potential Cave-ins . | . . . . Cave-ins Triggered . | . . . . Exploration Rate (%) 32 | 6 76 38 10 Regions Visited 3 Branch Regions . Pre-discovered Areas . | . . . . Known Exits Taken 1 | . . 1 . Unknown Exits Taken 2 | 1 1 . . Scrap Searched . | . . . . Spaces Dug . | . . . . Terrain Destroyed 52 | . 5 35 12 Melee . | . . . . Projectile . | . . . . AOE 52 | . 5 35 12 Terrain Rammed . | . . . . Walls Destroyed . | . . . . Machines Disabled . | . . . . Actions | -11 -10 -9 -8 --------- Run | Yrd Mat Mat Mat Total 1327 | 147 514 537 129 Wait 55 | . 6 18 31 Move 1107 | 133 427 473 74 Hop . | . . . . Pick Up 26 | 3 16 4 3 Fast Attach 9 | 5 3 . 1 Attach 12 | . 2 4 6 Detach 1 | . 1 . . Swap 23 | 3 8 8 4 Drop 13 | . 12 1 . Fire 81 | 3 39 29 10 Melee . | . . . . Ram . | . . . . Kick . | . . . . Crush . | . . . . Escape Stasis . | . . . . Rewire . | . . . . Trap . | . . . . Miscellaneous . | . . . . Route ------- -11/Scrapyard -10/Materials (discovered 2 exits: *Mat x2) -9/Materials (discovered 3 exits: *Mat x3) -8/Materials History --------- Turn | Location | Event 2 | -11/Scrapyard | Met Revision 17 95 | -11/Scrapyard | Discovered new exit (range 8) 140 | -11/Scrapyard | Entered Materials 313 | -10/Materials | Build established: Mutant 517 | -10/Materials | Discovered new exit (range 10) 548 | -10/Materials | Core integrity fell below 50% 705 | -10/Materials | Discovered new exit (range 15) 817 | -10/Materials | Entered another Materials area 817 | -9/Materials | Evolved 2 slots: Utility x2 848 | -9/Materials | Identified exit to Materials 1719 | -9/Materials | Entered another Materials area 1719 | -8/Materials | Evolved 2 slots: Power x1, Weapon x1 1918 | -8/Materials | Core integrity fell below 50% 1936 | -8/Materials | Core integrity fell below 20% 1941 | -8/Materials | Destroyed by G-47 Trooper with Particle Gun Last Messages --------------- R-06 Scavenger collects Corrupted Lgt. Treads. Broken Imp. Aluminum Leg destroyed. Critical hit (Burn: +37). Shield Generator destroyed. Hvy. EM Pulse Gun destroyed. Imp. Ion Engine destroyed. R-06 Scavenger collects Corrupted Heat Sink. Hvy. Assault Rifle destroyed. Imp. Aluminum Leg destroyed. U-05 Engineer lays Concrete. U-05 Engineer builds a Wall. Knocked back. Sml. Laser destroyed. Shield Generator destroyed. Knocked back. Particle Cannon destroyed. Com. Battery destroyed. Knocked back. Critical hit (Burn: +37). [Achievement: First Step to Greatness] Map ----- +----------------------------------------------------+ | | | | | | | | | | | | | ?????????????????????????????????????????????????? | | ?????????????????????????????????????????????????? | | ?????????????????????????????????????????????????? | | ?????????????????????????????????????????????????? | | ?????????????????????????????????????????????????? | | ?????????????????????????????????????????????????? | | ?????????????????????????????????????????????????? | | ?????????????????????????????????????????????????? | | ?????????????????????????????????????????????????? | | ?????????????????????????????????????????????????? | | ????????????????????????????????##???????????????? | | ????????????????????????######## #???????????????? | | ????????????????????????# [ !#???????????????? | | ????????????????????????# #???????????????? | | ????????????????????????# ########????????? | | ????????????????????????# # #????????? | | ????????????????????????# != # #???###### | | ????????????????????????# != g # ##### # | | ????????????????????????# = HYg # "T" # # !! # | | ???????????????????#????#@ g # """ # # !! # | | ???????????????????# ??#% gg # # # # | | ???????????????????# ######;;######+### + # | | ???????????????????# %% # # | | ???????????????????+ # # | | ???????????????????# % # # | | ???????????????????# #######%######+### # # | | ???????????????????#?????# %% # ###### | | ?????????????????????????# !!% # #????? | | ????????????????????????## ! !# #????? | | ????????????????????????# % " # #????? | | ????????????????????????## # # #????? | | ?????????????????????????# % !# # #????? | | ?????????????????????????# ########## #????? | | ??????????????????????? ?????????# #????? | | ????????????????????? % ?????????# #????? | | ?????????????????? #????????# #????? | | ?????????????????## #### #????????# #????? | | ??????????????????###+##???# #????????# #????? | | ???????????????????????????# #????????# #????? | | ???????????????????????????# +????????? #????? | | ???????????????????????????# #????????? #????? | | ??????????????????????????? +????????? ?????? | | ???????????????????????????#^ ^#?????????????????? | | ???????????????????????????# #?????????????????? | +----------------------------------------------------+ Best States ------------- Heat Dissipation 31 Energy Generation 17 Energy Capacity 615 Matter Stores 300 Matter Capacity 300 Sight Range 20 Robot Scan Range 14 Terrain Scan Density 160 Additional Mass Support 9 Armor Coverage 150 Evasion (%) 55 Item Schematics ----------------- Adv. Weight Redist. System | -9/Materials | Scanalyzed Robot Schematics ------------------ None Fabricated ------------ Nothing Repaired ---------- Nothing Alien Tech Used ----------------- None Achievements -------------- Crack Shot Everything Is Under Control First Step to Greatness Librarian Novice Programmer One Hack Too Far Shopping List Uninvited Guest Challenges ------------ None Game ------ Seed DimensionalDrainedReplica Manual? 0 Play Time 01:45:20 Cumulative 1.7 hours Start 2025.09.27 @ 15:39:09 End 2025.10.01 @ 15:09:21 Sessions 6 Manual Loads 0 Difficulty Rogue Special Mode None Game No. 1 Rogue 1 Adventurer 0 Explorer 0 Win Type - Total 0 Types 0/0/0/0/0/0/0/0/0/0 Lore% 1 Gallery% 2 Achievement% 3 Wizard Run 0 Options --------- Layout 1 ASCII 0 Keyboard 0 Movement Mouse Keybinds 0 Fullscreen 1 Font 24/Smallcaps Map View 55x38 Zoom Use 19% Tactical HUD 0 Map Filters NONE Filters NONE Steam 1 RUN: 4cb9ae7e-0218-434e-b036-3c8d61a6661c